cohdb
Replays
Latest Replays
All Replays
Popular Replays
Top Player Replays
Match Explorer
How It Works
Community
CoH3 Stats
Reddit
Sign in to upload your games and track your stats! →
Sign in with Steam
Match 44312516
Unlisted
Match 44312516
Overview
Messages
Build Orders
End
Vickers Machine Gun Team
Construct Section Command Post
Infantry Section
Infantry Section
Infantry Section
Construct Field Infirmary
Construct Platoon Command Post
Selects Heavy Armor Battlegroup
Selects Rigorous Vehicle Training
Selects Light Vehicle Withdraw and Refit
Selects Radio Net
Construct Company Command Post
Crusader II Medium Tank
Crusader II Medium Tank
Crusader II Medium Tank
Selects Recon Artillery
Recon Artillery
Armored Vehicle Training
Radio Net
Crusader II Medium Tank
Selects Forward Repair Assembly
Crusader II Medium Tank
Light Vehicle Training
CMP 15cwt Truck
Radio Net
Recon Artillery
Crusader II Medium Tank
Recon Artillery
Crusader II Medium Tank
Recon Artillery
Recon Artillery
Crusader II Medium Tank
Radio Net
Crusader II Medium Tank
Crusader II Medium Tank
Recon Artillery
Crusader II Medium Tank
Selects Churchill Black Prince Heavy Tank
Infantry Section
Crusader II Medium Tank
Radio Net
Recon Artillery
Crusader II Medium Tank
Crusader II Medium Tank
Radio Net
wildwolfuk
黄金克拉纳
GIBSON
LemonPoo♿
Husar
Orange anus
Mermelada
wemmer96
0
0
Comments
sign in to comment!
No comments posted yet!